cohdb
Replays
Latest Replays
All Replays
Popular Replays
Top Player Replays
Match Explorer
How It Works
Community
CoH3 Stats
Reddit
Sign in to upload your games and track your stats! →
Sign in with Steam
Match 44494124
Unlisted
Match 44494124
Overview
Messages
Build Orders
End
Construct Weapon Support Center
Engineer Squad
Selects Armored Battlegroup
Selects Veteran Crews
M1919 Machine Gun Team
M1919 Machine Gun Team
Bazooka Squad
Mortar Pit
Construct Medical Station
Selects M31 Recovery Vehicle
.30 cal Machine Gun
Mechanized Support Center
M31 Recovery Vehicle
Mortar Pit
Mortar Pit
Selects Strength in Steel
M1919 Machine Gun Team
.30 cal Machine Gun
Bazooka Squad
Bazooka Squad
Mortar Pit
Construct Tank Depot
.30 cal Machine Gun
M31 Recovery Vehicle
Selects Seek and Destroy
Selects UNKNOWN (2160077)
Engineer Squad
Engineer Squad
M4A3E8 Sherman Easy Eight
Selects War Machine
Mortar Pit
.30 cal Machine Gun
.30 cal Machine Gun
Robert3366
TestingWarHead
Arturokq
Carolus
0
0
Comments
sign in to comment!
No comments posted yet!